Cogmind - Beta 16 @@@ ROGUE MODE // 2025.11.08 @ 20:32:32 Player: Mozco Result: Destroyed by G0-77N(R) with Subdweller Laser Performance ------------- Evolutions (0) 0 Regions Visited (2) 400 Robots Destroyed (25) 125 Value Destroyed (491) 491 Prototype IDs (3) 60 Alien Tech Used (0) 0 Bonus (0) 0 TOTAL SCORE: 1076 Bonus ------- None Cogmind --------- Core Integrity 0/250 Matter 171/300 Energy 85/100 System Corruption 0% Temperature Cool (6) Movement Core (550) Ox10 Location -10/Subcaves Parts ------- > --- POWER (1) -------- (None) > --- PROPULSION (2) --- (None) > --- UTILITY (2) ------ Large Storage Unit Makeshift Light Armor Plating > --- WEAPON (2) ------- Light Assault Rifle Subdweller Shrapnel Launcher > --- INVENTORY (15) --- Ion Engine Ion Engine Subdweller Power Source Huge Storage Unit High-capacity Matter Pod (200) Subdweller Laser Autobeam Light Assault Rifle Scrap Shield Fragment (48) Scrap Shield Fragment (47) Peak State ------------ > --- POWER ------------ Ion Engine > --- PROPULSION ------- Subdweller Monowheel > --- UTILITY ---------- Large Storage Unit Makeshift Light Armor Plating > --- WEAPON ----------- Battle Cannon Subdweller Shrapnel Launcher > --- INVENTORY -------- Ion Engine Ion Engine Subdweller Power Source Huge Storage Unit High-capacity Matter Pod Light Assault Rifle Light Assault Rifle Light Assault Rifle Battle Cannon Scrap Shield Fragment [Rating: 13] Favorites ----------- Power Ion Engine Engine Ion Engine Propulsion Aluminum Leg Leg Aluminum Leg Wheel Subdweller Monowheel Utility Large Storage Unit Storage Large Storage Unit Protection Propulsion Shielding Weapon Light Assault Rifle Energy Gun Medium Laser Ballistic Gun Light Assault Rifle Ballistic Cannon Battle Cannon Launcher Subdweller Shrapnel Launcher Build | -11 -10 -10 ------- Run | Yrd Mat Sub Slots Evolved . | . . . Power . | . . . Propulsion . | . . . Utility . | . . . Weapon . | . . . Parts Attached 20 | 5 7 8 Power 2 | 1 1 . Engine 2 | 1 1 . Core . | . . . Reactor . | . . . Propulsion 4 | 2 . 2 Treads . | . . . Leg 2 | 2 . . Wheel 2 | . . 2 Hover . | . . . Flight . | . . . Utility 4 | . 3 1 Device . | . . . Storage 2 | . 2 . Processor . | . . . Hackware . | . . . Protection 2 | . 1 1 Artifact . | . . . Weapon 10 | 2 3 5 Energy Gun 4 | 2 . 2 Energy Cannon . | . . . Ballistic Gun 3 | . 3 . Ballistic Cannon 2 | . . 2 Launcher 1 | . . 1 Special Weapon . | . . . Impact Weapon . | . . . Slashing Weapon . | . . . Piercing Weapon . | . . . Special Melee Weapon . | . . . Unidentified Prototypes . | . . . Parts Lost 11 | . 2 9 Power 1 | . . 1 Propulsion 4 | . . 4 Utility 1 | . . 1 Weapon 5 | . 2 3 Highest Loss Streak 4 | . 1 4 To Critical Strikes . | . . . Average Backups 6 | . 4 9 Power 2 | . 1 2 Propulsion . | . . . Utility 1 | . 1 2 Weapon 3 | . 1 4 Tool/Special . | . . . Unused Backups 6 | . . 6 Power 2 | . . 2 Propulsion . | . . . Utility 2 | . . 2 Weapon 2 | . . 2 Tool/Special . | . . . Average Slot Usage (%) 90 | . 94 87 Engine 14 | . 14 14 Leg 18 | . 28 10 Wheel 4 | . . 7 Storage 15 | . 16 14 Protection 9 | . 6 13 Energy Gun 12 | . 20 5 Ballistic Gun 7 | . 7 8 Ballistic Cannon 5 | . . 10 Launcher 2 | . . 3 Peak Build Rating 13 | 5 7 13 Average Rating 8 | 3 6 10 On Entrance 4 | . 5 7 Avg Prop Armor Cover (%) . | . . . Naked Turns . | . . . Heaviest Build 49 | 9 49 40 Greatest Support 20 | 20 20 20 Greatest Overweight (x) 11 | . 2 11 Average Overweight (x) 1 | . 1 1 Largest Inventory Capacity 15 | 5 15 15 Average Capacity 14 | 5 13 15 Most Carried 12 | . 6 12 Average Carried 7 | . 4 10 Final Capacity 15 | 5 15 15 Final Carried 10 | . 6 10 Class Distribution -------------------- 100% | Mutant Dominant Class ---------------- Mutant | -10/Materials Mutant | -10/Subcaves Resources | -11 -10 -10 ----------- Run | Yrd Mat Sub Matter Collected 759 | 209 230 320 Remotely . | . . . Salvage Created 482 | . 234 248 Parts 33 | . 19 14 Haulers Intercepted . | . . . Recyclers Shooed . | . . . Parts Field Recycled . | . . . Retrieved Matter . | . . . Parts Self-Destructed 16 | . . 16 Prevented . | . . . Parts Restored . | . . . Kills | -11 -10 -10 ------- Run | Yrd Mat Sub Combat Hostiles Destroyed 18 | . 7 11 Guns 10 | . 7 3 Cannons 6 | . . 6 AOE 2 | . . 2 Classes Destroyed 8 | . 4 4 Worker 3 | . 3 . Operator 1 | . 1 . Turret 2 | . . 2 Watcher 1 | . 1 . Swarmer 11 | . 7 4 Grunt 2 | . . 2 Sentry 1 | . . 1 Subdweller 4 | . . 4 Best Kill Streak 6 | . 3 6 Combat Bots Only 4 | . 3 4 Max Kills in Single Turn 2 | . 1 2 Gunslinging . | . . . Exploded 2 | . . 2 Melee . | . . . Uniques/NPCs Destroyed . | . . . Combat | -11 -10 -10 -------- Run | Yrd Mat Sub Hostile Shots Fired 193 | . 103 90 Missed 71 | . 35 36 Hits 122 | . 68 54 Projectile 122 | . 68 54 AOE 3 | . . 3 Critical Strikes 3 | . 3 . Damage Taken 1383 | . 549 834 Core 257 | . 139 118 Absorbed by Shields . | . . . Redirected to Shielding 51 | . 25 26 Core Remaining (%) 100 | 100 . . Volleys Fired 78 | . 33 45 Largest 2 | . 2 2 Hottest 90 | . 90 83 Shots Fired 142 | . 57 85 Gun 89 | . 57 32 Cannon 52 | . . 52 Launcher 1 | . . 1 Special . | . . . Kinetic 83 | . 16 67 Thermal 37 | . 23 14 Explosive . | . . . Electromagnetic 22 | . 18 4 Robot Hit Streak 13 | . 5 13 Robot Miss Streak 6 | . 5 6 Penetration Max . | . . . Secondary Targets 2 | . 2 . Max Gunslinging Chain 1 | . 1 . Autonomous 14 | . . 14 Shots Hit Robots 82 | . 25 57 Core Hits 48 | . 19 29 Critical Kills . | . . . Critical Parts Destroyed . | . . . Critical Strikes 6 | . . 6 Destroy 1 | . . 1 Blast 5 | . . 5 Melee Attacks . | . . . Impact . | . . . Slashing . | . . . Piercing . | . . . Sneak Attacks . | . . . Combat Hostiles . | . . . Follow-up Attacks . | . . . Damage Inflicted 1474 | . 335 1139 Guns 622 | . 317 305 Cannons 675 | . . 675 Explosions 159 | . . 159 Melee . | . . . Ramming 18 | . 18 . Kinetic 953 | . 83 870 Thermal 311 | . 115 196 Explosive . | . . . Electromagnetic 192 | . 119 73 Impact . | . . . Slashing . | . . . Piercing . | . . . Highest Corruption . | . . . Average Corruption . | . . . Corruption Purged . | . . . Corruption Blocked . | . . . Overload Shots . | . . . Overflow Damage 7 | . . 7 Projectiles 7 | . . 7 Explosions . | . . . Melee . | . . . Knockbacks 8 | . 1 7 Impact 1 | . 1 . Kinetic 7 | . . 7 Secondary . | . . . Self-Inflicted Damage 30 | . . 30 Shots 1 | . . 1 Rammed . | . . . Targets Rammed 5 | . 5 . Kicked 5 | . 5 . Crushed . | . . . Highest Temperature 360 | . 360 305 Average Temperature 134 | . 127 150 Received Heat Transfer 183 | . . 183 Effects 4 | . 2 2 Energy Bleed 1 | . 1 . Interference 2 | . 1 1 Short Circuit 1 | . . 1 Siege Activations . | . . . Martial Activations . | . . . Shielding Activations . | . . . Robots Disrupted . | . . . Combat Hostiles . | . . . Robots Corrupted . | . . . Combat Hostiles . | . . . Parts Fried 1 | . . 1 Impact Corruptions . | . . . Robots Melted . | . . . Combat Hostiles . | . . . Parts Melted 1 | . . 1 Heat Transferred 983 | . 333 650 Parts Sabotaged . | . . . Parts Stolen . | . . . Parts Stripped . | . . . Power Chain Reactions 1 | . . 1 Alert | -11 -10 -10 ------- Run | Yrd Mat Sub Maximum Alert Level . | . . . Low Security (%) 100 | 100 100 . Level 1 . | . . . Level 2 . | . . . Level 3 . | . . . Level 4 . | . . . Level 5 . | . . . High Security . | . . . Max Security . | . . . Peak Influence 61 | . 61 . Initial . | . . . Average 13 | . 14 . Influence Increases 527 | . 232 295 Destroy 0b10 Robot/C 320 | . 140 180 Destroy 0b10 Robot/NC 25 | . 25 . Destroy Leader 42 | . 32 10 Successful Hack 34 | . 34 . Destroy Structure 1 | . 1 . Lose Combat Pursuer 105 | . . 105 Influence Decreases 468 | . 214 254 Entered New Map 10 | . . 10 Time Decay 408 | . 214 194 Lost Part 50 | . . 50 Squads Dispatched 1 | . 1 . Investigation . | . . . Extermination . | . . . Reinforcement 1 | . 1 . Assault . | . . . Garrison . | . . . Intercept . | . . . Searches Triggered . | . . . Construction Impeded . | . . . Haulers Reinforced . | . . . Active Scanning Responses . | . . . Cargo Convoy Interrupts . | . . . Stealth | -11 -10 -10 --------- Run | Yrd Mat Sub Distress Signals 2 | . 2 . Communications Jammed . | . . . Distress Signals . | . . . Times Spotted 35 | . 16 19 Peak Tracking Total 4 | . 4 3 Tactical Retreats 4 | . . 4 Traps | -11 -10 -10 ------- Run | Yrd Mat Sub Traps Triggered . | . . . Indirectly . | . . . Trap Hack Attempts . | . . . Triggered . | . . . Disarmed . | . . . Reprogrammed . | . . . Reused . | . . . Traps Extracted . | . . . Installed . | . . . Triggered . | . . . Machines | -11 -10 -10 ---------- Run | Yrd Mat Sub Machines Disabled 2 | . . 2 Max in Single Turn 1 | . . 1 Machines Repaired . | . . . Machines Dismantled . | . . . Machines Sabotaged . | . . . Overloaded Fab Kills . | . . . Hacking | -11 -10 -10 --------- Run | Yrd Mat Sub Machines Accessed 6 | . 5 1 Terminals 5 | . 5 . Fabricators . | . . . Repair Stations . | . . . Recycling Units . | . . . Scanalyzers . | . . . Garrison Access . | . . . Total Hacks 18 | . 15 3 Successful 10 | . 7 3 Failed 8 | . 8 . Catastrophic 2 | . 2 . Database Lockouts . | . . . Manual 12 | . 12 . Terminals 15 | . 15 . Fabricators . | . . . Repair Stations . | . . . Recycling Units . | . . . Scanalyzers . | . . . Garrison Access . | . . . Terminal Hacks 7 | . 4 3 Record 3 | . . 3 Robot Analysis 3 | . 3 . Prototype ID Bank 1 | . 1 . Fabricator Hacks . | . . . Repair Station Hacks . | . . . Recycling Unit Hacks . | . . . Scanalyzer . | . . . Garrison Access Hacks . | . . . Unauthorized Hacks 3 | . 3 . Terminals 3 | . 3 . Botnet 3 | . 3 . Fabricators . | . . . Repair Stations . | . . . Recycling Units . | . . . Scanalyzers . | . . . Garrison Access . | . . . Data Cores Recovered 1 | . 1 . Used . | . . . Hacking Detections 5 | . 5 . Full Trace Events . | . . . Feedback Events . | . . . Feedback Blocked . | . . . Robot Schematics Acquired . | . . . Robots Built . | . . . Authchips . | . . . Time . | . . . Total Robot Build Rating . | . . . Part Schematics Acquired . | . . . Parts Built . | . . . Authchips . | . . . Time . | . . . Total Part Build Rating . | . . . Part Studies Acquired . | . . . Parts Repaired . | . . . Time . | . . . Parts Recycled . | . . . Recycled Matter . | . . . Retrieved Matter . | . . . Retrieved Components . | . . . Parts Scanalyzed . | . . . Part Schematics Acquired . | . . . Parts Damaged . | . . . Bothacking | -11 -10 -10 ------------ Run | Yrd Mat Sub Used RIF Installer . | . . . Robots Hacked . | . . . Non-combat . | . . . Combat . | . . . Robot Hacks Applied . | . . . Relay Couplers Released . | . . . Fabnet Peak Effective % . | . . . Robots Rewired . | . . . Allies Hacked . | . . . Hacks Repelled . | . . . Allies | -11 -10 -10 -------- Run | Yrd Mat Sub Total Allies . | . . . Largest Group . | . . . Highest-Rated Group . | . . . Highest-Rated Ally . | . . . Total Orders . | . . . Ally Attacks . | . . . Total Damage . | . . . Kills . | . . . Allies Corrupted . | . . . Allies Melted . | . . . Intel | -11 -10 -10 ------- Run | Yrd Mat Sub Active Infowar (turns) . | . . . Robot Analysis Total 3 | . 3 . Derelict Logs Recovered . | . . . Drone Launches . | . . . Drone Recoveries . | . . . Exploration | -11 -10 -10 ------------- Run | Yrd Mat Sub Turns Passed 2375 | 64 1019 1292 Spaces Moved 1265 | 51 463 751 Core 24 | 6 . 18 Treads . | . . . Legs 731 | 45 463 223 Wheels 510 | . . 510 Hover . | . . . Flight . | . . . Fastest Speed 50 | 50 120 120 Average Speed 165 | 111 194 151 Slowest Speed 600 | 120 260 600 Overloaded Moves . | . . . Propulsion Burnouts . | . . . Robots Hopped . | . . . Potential Cave-ins . | . . . Cave-ins Triggered . | . . . Exploration Rate (%) 36 | 4 58 46 Regions Visited 2 Branch Regions 1 Pre-discovered Areas . | . . . Known Exits Taken . | . . . Unknown Exits Taken 2 | 1 1 . Scrap Searched 2 | . . 2 Spaces Dug . | . . . Terrain Destroyed 12 | . . 12 Melee . | . . . Projectile . | . . . AOE 12 | . . 12 Terrain Rammed . | . . . Walls Destroyed . | . . . Machines Disabled . | . . . Actions | -11 -10 -10 --------- Run | Yrd Mat Sub Total 1405 | 55 520 830 Wait 16 | . 5 11 Move 1263 | 50 462 751 Hop . | . . . Pick Up 15 | . 7 8 Fast Attach 11 | 5 2 4 Attach 6 | . 3 3 Detach . | . . . Swap 8 | . 2 6 Drop 3 | . 1 2 Fire 78 | . 33 45 Melee . | . . . Ram . | . . . Kick 5 | . 5 . Crush . | . . . Escape Stasis . | . . . Rewire . | . . . Trap . | . . . Miscellaneous . | . . . Route ------- -11/Scrapyard -10/Materials (discovered 4 exits: [*Mat x2] / [*Min] / *Sub) -10/Subcaves (discovered 3 exits: [*Mat x2] / [*Rec]) History --------- Turn | Location | Event 26 | -11/Scrapyard | Discovered new exit (range 14) 65 | -11/Scrapyard | Entered Materials 174 | -10/Materials | Discovered new exit (range 5) 313 | -10/Materials | Build established: Mutant 367 | -10/Materials | Discovered new exit (range 16) 557 | -10/Materials | Discovered new exit (range 12) 679 | -10/Materials | Discovered new exit (range 13) 724 | -10/Materials | Core integrity fell below 50% 865 | -10/Materials | Derelicts attacked the area 1084 | -10/Materials | Entered Subcaves 1085 | -10/Subcaves | Approached by a straggling Scientist 1585 | -10/Subcaves | Lost 4 parts (2n1u1w) 1606 | -10/Subcaves | Core integrity fell below 20% 1630 | -10/Subcaves | Shifting Twisted Machinery released Mak. Light Armor Plating 1640 | -10/Subcaves | Discovered new exit (range 6) 1647 | -10/Subcaves | Shifting Twisted Machinery released Sub. Laser 1947 | -10/Subcaves | Discovered new exit (range 12) 2121 | -10/Subcaves | Visited Clippyterm 2124 | -10/Subcaves | Learned Research machine intel 2172 | -10/Subcaves | Curiously followed by a Cobbler waking with a query about "LVR3C" 2191 | -10/Subcaves | Discovered new exit (range 11) 2376 | -10/Subcaves | Destroyed by G0-77N(R) with Subdweller Laser Last Messages --------------- 02251_ Subatomizers dissect the Sub. Monowheel. 02266_ CI-8LP(O) collects matter. 02267_ Acquired Sub. Monowheel. 02269_ Acquired 36 matter. 02271_ Acquired Scrap Shield Fragment. 02275_ Acquired 7 matter. 02276_ Subatomizers dissect the Sub. Optics. 02282_ CI-8LP(O) collects matter. 02320_ Acquired 15 matter. 02336_ KK-7AY(u) builds Twisted Machinery. 02348_ Dropped Lgt. Assault Rifle. 02352_ KK-7AY(u) cries out in pain. 02352_ KK-7AY(u) destroyed. 02364_ G0-77N(R) knocked back. 02365_ FV-2N6(R): "SUBHATE!" 02365_ CI-8LP(O) collects matter. 02370_ Sub. Monowheel destroyed. 02372_ Ion Engine destroyed. 02373_ G0-77N(R) suffers critical hit (Destroy). 02374_ Battle Cannon destroyed. Map ----- +----------------------------------------------------+ | ??????????????????????????????????????????? | | ??????????????????????????????????????????? | | ??????????????????????????????????????????? | | ??????????????????????????????????????????? | | ??????????????????????????????????????????? | | ??????????????????????????????????????????? | | ??????????????????????????????????????????? | | ??????????????????????????????????????????? | | ??????????????????????????????????????????? | | ??????????????????????????????????????????? | | ??????????????????????????????????????????? | | ??????????????????????????????????????????? | | ??????????????????????????????????????????? | | ??????????????????????????????????????????? | | ????????????????????????###???????????????? | | ???????????????????????? #???????????????? | | ??????????????????????##"###??????????????? | | ?????????????????????##""""##?????????????? | | ?????????????????????# [""" ##????????????? | | ????????????????????## " ### ????????? | | ???????????????????## " ??????? | | ?????????????????### = ?????? | | ????????????????## =%| ### ## ?????? | | ???????????????##R " #??? ?????????? | | ???????????????# RR### #####?????#????????? | | ???????????????## @#?###??????????????????? | | ???????????????# ##??????????????????????? | | ??????????????### #???????????????????????? | | ??????????????# #???????????????????????? | | ??????????????# ##??????????????????????? | | ??????????????# ####???????????????????? | | ??????????????## #???????????????????? | | ???????????????# #???????????????????? | | ???????????????## ## ##???????????????????? | | ????????????????# ## #????????????????????? | | ????????????????# ###????????????????????? | | ????????????????# #??????????????????????? | | ????????????????# #??????????????????????? | | ???????????????## #??????????????????????? | | ???????????????#" ##??????????????????????? | | ???????????????##" ##?????????????????????? | | ???????????????#"" ##????????????????????? | | ???????????????## ##???????????????????? | | ????????????????# #??????????###??????? | | ????????????????## <" ####??????## ###????? | | ?????????????????# " # ######## #????? | | ?????????????????# " ## # #????? | | ????????????????## """# & #????? | | ????????????????#""##### #????? | | ????????????????#" ## #### ### #????? | +----------------------------------------------------+ Best States ------------- Heat Dissipation 25 Energy Generation 10 Energy Capacity 250 Matter Stores 300 Matter Capacity 300 Sight Range 16 Terrain Scan Density 10 Armor Coverage 100 Propulsion Shielding 33 Evasion (%) 55 Item Schematics ----------------- None Robot Schematics ------------------ None Fabricated ------------ Nothing Repaired ---------- Nothing Studied --------- None Alien Tech Used ----------------- None Achievements -------------- None Challenges ------------ None Game ------ Seed LightOvertunedRouter Manual? 0 Play Time 00:13:32 Cumulative 232.8 hours Start 2025.11.08 @ 20:20:23 End 2025.11.08 @ 20:32:32 Sessions 1 Manual Loads 0 Difficulty Rogue Special Mode None Game No. 238 Rogue 234 Adventurer 3 Explorer 1 Win Type - Total 1 Types 1/0/0/0/0/0/0/0/0/0 Lore% 74 Gallery% 74 Achievement% 57 Wizard Run 0 Options --------- Layout 0 ASCII 0 Keyboard 0 Movement Mouse Keybinds 0 Fullscreen 2 Font 18/SmallcapsGlow Map View 76x50 Zoom Use 0% Tactical HUD 1 Map Filters NONE Filters NONE Steam 1 RUN: 8b0f3a9d-9965-4b52-828c-bd28c2cdcc84